 Dungeon Crawl Stone Soup version 0.26-a0-26-ge22fd8933b (webtiles) character file.

Game seed: 9105648019712998315, levelgen mode: deterministic

23 DemiGod565 the Cudgeler (level 2, -3/43 HPs)
             Began as a Troll Berserker on May 27, 2020.
             Was a Follower of Trog.
             Slain by a gnoll
             ... wielding a +0 flail
              (10 damage)
             ... on level 2 of the Dungeon.
             The game lasted 00:02:30 (354 turns).

DemiGod565 the Cudgeler (Troll Berserker)            Turns: 354, Time: 00:02:31

Health: -3/43      AC:  6    Str: 24    XL:     2   Next: 75%
Magic:  1/1        EV: 10    Int:  3    God:    Trog [*.....]
Gold:   19         SH:  0    Dex:  9    Spells: 1/1 levels left

rFire    . . .     SeeInvis .   a - +0 mace
rCold    . . .     Gourm    +   (no shield)
rNeg     . . .     Faith    .   b - +0 animal skin
rPois    .         Spirit   .   (helmet restricted)
rElec    .         Reflect  .   (no cloak)
rCorr    .         Harm     .   (gloves unavailable)
MR       .....                  (boots unavailable)
Stlth    ..........             (no amulet)
HPRegen  0.54/turn              (no ring)
MPRegen  0.07/turn              (no ring)

@: berserking, very quick
A: large, unfitting armour, claws 3, fast metabolism 3, gourmand, regeneration
1, shaggy fur 1, tough skin 3
a: Berserk, Renounce Religion


You were on level 2 of the Dungeon.
You worshipped Trog.
Trog was aware of your devotion.
You were not hungry.

You visited 1 branch of the dungeon, and saw 2 of its levels.

You collected 19 gold pieces.

Inventory:

Hand Weapons
 a - a +0 mace (weapon)
Armour
 b - a +0 animal skin (worn)
Scrolls
 d - a scroll of identify
Potions
 e - a potion of flight
Comestibles
 c - 3 rations


   Skills:
 + Level 2.7 Fighting
 + Level 3.1 Maces & Flails
 + Level 2.7 Dodging


You had one spell level left.
You didn't know any spells.
Your spell library was empty.

Dungeon Overview and Level Annotations

Branches:
Dungeon (1/15)

Altars:
Sif Muna
Trog
Wu Jian


Innate Abilities, Weirdness & Mutations

You are too large for most types of armour.
You have claws for hands.
Your metabolism is lightning-fast.
You like to eat raw meat.
Your natural rate of healing is unusually fast.
You are covered in fur. (AC +1)
You have extremely tough skin. (AC +3)


Message History

You hit the gnoll.
The gnoll is almost dead.
The gnoll hits you with a +0 flail!
A red film seems to cover your vision as you go berserk!
You feel yourself moving faster!
You feel mighty!
You feel a lot more hungry. The gnoll completely misses you.
You barely miss the gnoll. The gnoll barely misses you. x2
An ooze comes into view.
The ooze quivers.
There are monsters nearby!
You barely miss the gnoll. The gnoll hits you with a +0 flail!
* * * LOW HITPOINT WARNING * * *
The gnoll hits you from afar with a +0 spear.
* * * LOW HITPOINT WARNING * * *
The gnoll barely misses you.
You barely miss the gnoll. The gnoll hits you but does no damage.
The gnoll hits you with a +0 flail.
* * * LOW HITPOINT WARNING * * *
The gnoll hits you with a +0 flail!
You die...

#..........## ###.# ..
#....)(...... #....
..##........#### #....
...........# #....
##.........########....
#.....................
..##..g.g...............
.......gg.'########+.<..
...J...@..#..).[...#....
....###...#.'####+.#.##.
.... .....#.#....#.#.##.
## ####..#.#.##.#.#.###
#..#.#.##.#.#.###
#..#.#....#.#....
#..#.+####'.#.###
..#.......(#....
'########'..##


You could see 4 gnolls and an ooze.

Vanquished Creatures
  An adder (D:2)
  An ooze (D:2)
  A worm (D:2)
  A hobgoblin (D:1)
  2 kobolds (D:2)
  A frilled lizard (D:2)
  A rat (D:2)
8 creatures vanquished.

Notes
Turn   | Place    | Note
-------+----------+-------------------------------------------
     0 | D:1      | DemiGod565 the Troll Berserker began the quest for the Orb.
     0 | D:1      | Reached XP level 1. HP: 22/22 MP: 0/0
   101 | D:1      | You fall into a shaft and drop 1 floor!
   101 | D:2      | Found a faded altar of an unknown god.
   145 | D:2      | Reached XP level 2. HP: 27/29 MP: 1/1
   206 | D:2      | Reached skill level 3 in Maces & Flails
   251 | D:2      | Found an ornate altar of the Wu Jian Council.
   260 | D:2      | Found a shimmering blue altar of Sif Muna.
   266 | D:2      | Found a bloodstained altar of Trog.
   354 | D:2      | Slain by a gnoll

Illustrated notes

Levels and vault maps discovered:
D:1:      saegor_arrival_under_anarchy, layout_basic
D:2:      layout_rooms, zin_angel, grunt_temple_overflow_diamond,
          chequers_ecumenical_altar_simple_redux, minivault_11

Skill      XL: |  1  2 |
---------------+-------+-----
Maces & Flails | 3 |  3.1
Fighting       | |  2.7
Dodging        | |  2.7

Action                   || total
-------------------------++-------
Melee: Mace              ||    28
Invok: Berserk           ||     1
  Use: Scroll            ||     4
  Eat: Chunk             ||     2
Armor: Animal skin       ||     9
Dodge: Dodged            ||    16

Table legend:
 A = Non-vault XP
 B = Vault XP
 C = Vault XP percentage of total XP
 D = Non-vault monster count
 E = Vault monster count
 F = Vault count percentage of total count
                 A         B        C        D         E       F
            +---------+---------+-------+---------+---------+-------
      Total |      34 |       0 |   0.0 |       8 |       0 |   0.0
            +---------+---------+-------+---------+---------+-------
        D:1 |       2 |       0 |   0.0 |       1 |       0 |   0.0
        D:2 |      32 |       0 |   0.0 |       7 |       0 |   0.0
            +---------+---------+-------+---------+---------+-------
